 Dungeon Crawl Stone Soup version 0.19.0-2-gae57169 (webtiles) character file.

88 Daunt the Magician (level 4, 0/24 HPs)
             Began as a Gargoyle Fire Elementalist on Nov 6, 2016.
             Killed from afar by Rippar's ghost (10 damage)
             ... with a spray of energy
             ... on level 3 of the Dungeon.
             The game lasted 00:10:11 (2063 turns).

Daunt the Magician (Gargoyle Fire Elementalist)     Turns: 2063, Time: 00:10:11

Health: 0/24       AC:  5    Str: 11    XL:     4   Next: 53%
Magic:  9/9        EV: 12    Int: 17    God:
Gold:   93         SH:  0    Dex: 10    Spells: 1 memorised, 8 levels left

rFire  . . .     SeeInvis .     f - +0 dagger (venom)
rCold  . . .     Gourm    .     a - +0 robe
rNeg   + . .     Faith    .     (no shield)
rPois  ∞         Spirit   .     (no helmet)
rElec  +         Reflect  .     (no cloak)
rCorr  .         Harm     .     (no gloves)
MR     .....                    (no boots)
Stlth  ++........               (no amulet)
                                (no ring)
                                (no ring)

@: no status effects
A: negative energy resistance 1, electricity resistance, unbreathing,
petrification resistance, rot immunity, AC +3
a: no special abilities


You were on level 3 of the Dungeon.
You were hungry.

You visited 1 branch of the dungeon, and saw 3 of its levels.

You collected 93 gold pieces.

Inventory:

Hand Weapons
 f - a +0 dagger of venom (weapon)
 m - a +0 dagger
 n - a cursed -3 mace
Armour
 a - a +0 robe (worn)
Scrolls
 g - a scroll of identify
 t - a scroll of immolation {unknown}
Potions
 d - 2 potions of degeneration
 e - a potion of might
 i - a potion of haste
 l - a potion of agility {unknown}
 p - a potion of berserk rage {unknown}
 r - a potion of mutation {unknown}
Books
 b - a book of Flames

   Spells                             Type                      Level
   a - Flame Tongue                   Conjuration/Fire             1
   b - Throw Flame                    Conjuration/Fire             2
   c - Conjure Flame                  Conjuration/Fire             3
   d - Inner Flame                    Hexes/Fire                   3
   e - Sticky Flame                   Conjuration/Fire             4
   f - Fireball                       Conjuration/Fire             5
Comestibles
 c - a bread ration
 s - a meat ration
 u - a slice of pizza


   Skills:
 - Level 1.5 Dodging
 - Level 2.1 Stealth
 + Level 3.4 Spellcasting
 + Level 3.1 Conjurations
 - Level 3.0 Fire Magic


You had 8 spell levels left.
You knew the following spells:

 Your Spells              Type           Power        Failure   Level  Hunger
a - Flame Tongue          Conj/Fire      ##...        6%          1    None


Dungeon Overview and Level Annotations

Branches:
Dungeon (3/15)

Altars:
Fedhas
Hepliaklqana
Okawaru
Ru

Annotations:
D:3 Rippar's ghost, amateur DECj


Innate Abilities, Weirdness & Mutations

You are resistant to torment.
Your stone body is resilient. (AC +3)
You are immune to poison.
You resist negative energy. (rN+)
You are resistant to electric shocks. (rElec)
You can survive without breathing.
You are immune to petrification.
You are immune to rotting.


Message History

Casting: Flame Tongue
Confirm with . or Enter, or press ? or * to list all spells.
Aiming: Flame Tongue
Press: ? - help, Shift-Dir - straight line, f/p - leopard gecko
Aim: a leopard gecko (clinging)
The flame tongue hits the leopard gecko.
You kill the leopard gecko!
Found a stone staircase leading down.
Rippar's ghost is too close now for your liking.
Rippar's ghost turns its malevolent gaze towards you.
Rippar's ghost gestures at you while chanting.
The spray of energy hits you!
Casting: Flame Tongue
Confirm with . or Enter, or press ? or * to list all spells.
You can't see any susceptible monsters within range! (Use Z to cast anyway.) Rippar's ghost gestures at you while chanting.
The magic dart hits you! Rippar's ghost casts a spell at you.
The spray of energy hits you!
You die...

...# ##'## #.##.###.# ..# #.#
#......#.# . ..######## #.#
####.#(#.# #..W#.......###.##
#.....# ##.##.# #.##...##
###.### ......# #.#.....# #.#
.#.##.#####.##...## ########.#
.#.>.....##.###.#####.....<..#
.####.##........@.....########
......#####W###.#######
#####.#####.# #.# #..W....#
#.# ######### #.# #####
#####.####
##...######........#
#.....##....###.##.#
#........#..###.##.#


You could see Rippar's ghost.

Vanquished Creatures
  Terence (D:2)
  An adder (D:2)
  A dart slug (D:1)
  2 leopard geckos
  6 hobgoblins
  4 jackals
  5 kobolds
  2 quokkas
  A ball python (D:3)
  8 bats
  4 frilled lizards
  8 goblins
  4 rats
47 creatures vanquished.

Notes
Turn   | Place    | Note
-------+----------+-------------------------------------------
     0 | D:1      | Daunt the Gargoyle Fire Elementalist began the quest for the Orb.
     0 | D:1      | Reached XP level 1. HP: 10/10 MP: 3/3
   244 | D:1      | Reached XP level 2. HP: 12/15 MP: 3/5
   750 | D:1      | Reached XP level 3. HP: 19/19 MP: 4/7
   933 | D:2      | Found a blossoming altar of Fedhas.
  1242 | D:2      | Found a sacrificial altar of Ru.
  1373 | D:2      | Found an iron altar of Okawaru.
  1399 | D:2      | Noticed Terence
  1405 | D:2      | Killed Terence
  1405 | D:2      | Reached XP level 4. HP: 19/24 MP: 3/9
  1819 | D:3      | Found a hazy altar of Hepliaklqana.
  1874 | D:3      | Noticed Rippar's ghost (amateur DECj)
  2063 | D:3      | Killed from afar by Rippar's ghost

Skill      XL: |  1  2  3  4 |
---------------+-------------+-----
Conjurations   | 2 3 |  3.1
Spellcasting   | 3 |  3.4
Dodging        | |  1.5
Stealth        | |  2.1
Fire Magic     | |  3.0

Action                   |  1- 3 |  4- 6 || total
-------------------------+-------+-------++-------
Melee: Dagger            |     5 |       ||     5
 Cast: Flame Tongue      |    60 |    16 ||    76
  Use: Scroll            |       |     7 ||     7
  Eat: Chunk             |     2 |     1 ||     3
Armor: Robe              |     9 |       ||     9
Dodge: Dodged            |    20 |     2 ||    22
